 Seeded DCSS version 0.30.1-9-gdf580d7c3d (webtiles) character file.

Game seed: 920673320228942481 (custom seed)

14 Psyclone the Conjurer (level 2, -1/15 HPs)
             Began as a Deep Elf Conjurer on Oct 9, 2023.
             Frozen to death by an endoplasm (4 damage)
             ... on level 4 of the Dungeon.
             The game lasted 00:01:27 (365 turns).

Psyclone the Conjurer (Deep Elf Conjurer)            Turns: 365, Time: 00:01:28

Health: -1/15      AC:  2    Str:  4    XL:     2   Next: 27%
Magic:  7/8        EV: 12    Int: 22    God:
Gold:   0          SH:  0    Dex: 13    Spells: 6/7 levels left

rFire   . . .        (no weapon)
rCold   . . .        (no shield)
rNeg    . . .        a - +0 robe
rPois   .            (no helmet)
rElec   .            (no cloak)
rCorr   .            (no gloves)
SInv    .            (no boots)
Will    .....        (no amulet)
Stlth   ++           (no ring)
HPRegen 0.22/turn    (no ring)
MPRegen 0.11/turn

%: no passive effects
@: no status effects
A: no striking features
a: no special abilities


You were on level 4 of the Dungeon.
You visited 1 branch of the dungeon, and saw 4 of its levels.

Inventory:

Armour
 a - a +0 robe (worn)
Scrolls
 c - 3 scrolls of acquirement {unknown}
Potions
 b - a potion of magic
 d - a potion of lignification {unknown}


   Skills:
 - Level 2.4 Dodging
 - Level 2.4 Stealth
 - Level 3.0 Spellcasting
 + Level 5.0 Conjurations


You had 6 spell levels left.
You knew the following spells:

 Your Spells              Type           Power      Damage    Failure   Level
a - Magic Dart            Conj           100%       1d8       1%          1

Your spell library contained the following spells:

 Spells                   Type           Power      Damage    Failure   Level
 Searing Ray              Conj           50%        2d6       2%          2
 Dazzling Flash           Conj/Hex       28%        N/A       13%         3
 Fulminant Prism          Conj/Hex       7%         3d7       41%         4
 Iskenderun's Mystic Bla  Conj/Tloc      14%        2d5       41%         4


Dungeon Overview and Level Annotations

Branches:
Dungeon (4/15) Zot: 23634
 Temple: D:4-7

Altars:

Annotations:
D:4 Blork the orc


Message History

Health restored: 15 You now have 2/8 mp.
You start resting.
Magic restored.
MP restored: 8
Found 17 gold pieces.
You see here an adder corpse.
An endoplasm comes into view.
A quokka comes into view.
The endoplasm quivers.
The endoplasm jiggles.
Found 2 blue potions.
Blork the orc comes into view.
He is wielding a +0 war axe.
Blork the orc shouts!
Blork the orc gestures at you while chanting.
The puff of frost misses you.
Casting: Magic Dart (safe; 1% risk of failure)
Confirm with . or Enter, or press ? or * to list all spells.
Aiming: Magic Dart (safe; 1% risk of failure)
Press: ? - help, Shift-Dir - straight line The quokka barely misses you.
The endoplasm freezes you.
You are frozen.
Blork the orc mumbles some strange words.
Blork the orc seems to speed up.
The quokka attacks as you move away! The quokka closely misses you.
The endoplasm hits you. The endoplasm attacks as you move away!
The endoplasm misses you. The quokka attacks as you move away!
The quokka bites you. x2
The endoplasm attacks as you move away! The endoplasm barely misses you.
You take 9 damage, and have 6/15 hp.
MASSIVE DAMAGE!!
You now have 7/8 mp.
The endoplasm attacks as you move away! The endoplasm hits you.
* * * LOW HITPOINT WARNING * * *
Blork the orc looks braver for a moment.
Blork the orc complains noisily.
You can't go down here!
You take 3 damage, and have 3/15 hp.
You hit the endoplasm but do no damage. The endoplasm freezes you.
You are frozen.
You die...

#.# #.# #.# #.#
...#####.#
.........###
##.#####...#
#....).##.##
########@†.# ##J##
##.r.## #..o..#
##...## ##.....##
# #.#.......#.##
#......$.....!#.#
..................


You could see Blork the orc (fast), an endoplasm and a quokka.

Vanquished Creatures
  An adder (D:4)
  2 endoplasms
  A ball python (D:1)
  A kobold (D:4)
5 creatures vanquished.

Notes
Turn   | Place    | Note
-------+----------+-------------------------------------------
     0 | D:1      | Psyclone the Deep Elf Conjurer began the quest for the Orb.
     0 | D:1      | Reached XP level 1. HP: 10/10 MP: 6/6
   294 | D:4      | Reached skill level 5 in Conjurations
   294 | D:4      | Reached XP level 2. HP: 15/15 MP: 2/8
   353 | D:4      | Noticed Blork the orc
   365 | D:4      | Frozen to death by an endoplasm

Illustrated notes

Levels and vault maps discovered:
D:1:      dpeg_arrival_orchard, layout_basic
D:2:      layout_loops_corners, uniq_natasha, uniq_crazy_yiuf_cottage
D:3:      layout_basic, serial_shops, nicolae_shop_stone, shop
D:4:      layout_basic, nicolae_figureground_sparkle, uniq_sigmund, uniq_robin,
          uniq_blork_the_orc

Skill      XL: |  1 |
---------------+----+-----
Conjurations   | 5 |  5.0
Dodging        | |  2.4
Stealth        | |  2.4
Spellcasting   | |  3.0

Action                     || total
---------------------------++-------
  Melee: Unarmed           ||     1
   Cast: Magic Dart        ||    13
  Dodge: Dodged            ||     6
